 Dungeon Crawl Stone Soup version 0.23-a0-470-g6f7cfd9 (webtiles) character file.

43 theanonym the Cudgeler (level 3, -6/28 HPs)
             Began as a Mummy Warper on Nov 26, 2018.
             Killed from afar by Sigmund (10 damage)
             ... with a puff of flame
             ... on level 2 of the Dungeon.
             The game lasted 00:01:40 (1312 turns).

theanonym the Cudgeler (Mummy Warper)               Turns: 1312, Time: 00:01:41

Health: -6/28      AC:  3    Str: 15    XL:     3   Next: 37%
Magic:  7/7        EV:  9    Int: 12    God:
Gold:   67         SH:  0    Dex: 11    Spells: 7/7 levels left

rFire    x . .     SeeInvis .   a - +0 mace
rCold    + . .     Gourm    .   (no shield)
rNeg     + + +     Faith    .   g - +0 scale mail
rPois    ∞         Spirit   .   (no helmet)
rElec    .         Reflect  .   (no cloak)
rCorr    .         Harm     .   (no gloves)
MR       .....                  (no boots)
Stlth    ..........             (no amulet)
HPRegen  0.09/turn              f - -3 ring of protection (curse)
MPRegen  0.10/turn              (no ring)

@: no status effects
A: no food or potions, fire vulnerability, cold resistance 1, negative energy
resistance 3, torment resistance, unbreathing
a: no special abilities


Innate Abilities, Weirdness & Mutations

You do not eat or drink.
Your flesh is vulnerable to fire.
You are immune to poison.
Your flesh is cold resistant. (rC+)
You are immune to negative energy. (rN+++)
You are immune to unholy pain and torment.
You can survive without breathing.


   Skills:
 + Level 2.7 Fighting
 * Level 2.7 Maces & Flails
 - Level 0.7 Throwing
 - Level 0.7 Armour
 - Level 1.5 Dodging
 - Level 2.6 Spellcasting
   Level 2.4 Translocations


You had 7 spell levels left.
You didn't know any spells.
Your spell library contained the following spells:

 Spells                   Type           Power        Failure   Level  Hunger
 Blink                    Tloc           N/A          50%         2    N/A
 Shroud of Golubria       Chrm/Tloc      #.........   67%         2    N/A
 Gell's Gravitas          Tloc           #.........   75%         3    N/A
 Lesser Beckoning         Tloc           #.........   75%         3    N/A
 Teleport Other           Tloc           #.......     75%         3    N/A
 Passage of Golubria      Tloc           N/A          98%         4    N/A

Skill      XL: |  1 |
---------------+----+-----
Maces & Flails | 2 |  2.7
Fighting       | |  2.7
Throwing       | |  0.7
Armour         | |  0.7
Dodging        | |  1.5
Spellcasting   | |  2.6
Translocations | |  2.4

Action                   || total
-------------------------++-------
Melee: Mace              ||   110
Throw: Tomahawk          ||     5
Armor: Leather armour    ||    22
       Scale mail        ||     8
Dodge: Dodged            ||    83

Inventory:

Hand Weapons
 a - a +0 mace (weapon)
Armour
 b - a +0 leather armour
 g - a +0 scale mail (worn)
   (You found it on level 2 of the Dungeon)
Jewellery
 f - a cursed -3 ring of protection (left hand)
   (You found it on level 2 of the Dungeon)
Scrolls
 c - a scroll of remove curse {unknown}
 d - a scroll of identify {unknown}
 B - a scroll of blinking


You were on level 2 of the Dungeon.
You were not hungry.

You visited 1 branch of the dungeon, and saw 2 of its levels.

You collected 67 gold pieces.

Dungeon Overview and Level Annotations

Branches:
Dungeon (2/15)

Altars:

Annotations:
D:2 Sigmund

......##..##...### #.####.#
###.#.###.# #.# #.#
#.#.###.###.### #.#
#.#.........).####.# ####.#
#.#..##.#..........###....#
#.........#.#<.#.####...###
###...†........#(###......###.
##.##.###.#.##(@(...........
#. #.# #.#.@.(###......###.# #
#.###......####.>.###
#............###.##
#####............#
#..g.......... ###....########
#....# ..#### ##


You could see Sigmund and a goblin.

Notes
Turn   | Place    | Note
-------+----------+-------------------------------------------
     0 | D:1      | theanonym the Mummy Warper began the quest for the Orb.
     0 | D:1      | Reached XP level 1. HP: 16/16 MP: 4/4
    42 | D:1      | Reached skill level 2 in Maces & Flails
    57 | D:1      | Reached XP level 2. HP: 16/22 MP: 5/5
   209 | D:1      | HP: 9/23 [kobold/+0 whip (3)]
   736 | D:1      | Reached XP level 3. HP: 24/28 MP: 7/7
   931 | D:2      | HP: 13/28 [worm (8)]
   943 | D:2      | HP: 10/28 [leopard gecko (4)]
   949 | D:2      | HP: 8/28 [leopard gecko (1)]
  1284 | D:2      | Noticed Sigmund
  1299 | D:2      | HP: 7/28 [Sigmund/puff of flame (10)]
  1310 | D:2      | HP: 7/28 [goblin/stone (1)]
  1312 | D:2      | Killed from afar by Sigmund

Vanquished Creatures
  A dart slug (D:1)
  3 leopard geckos (D:2)
  4 giant cockroaches (D:1)
  6 goblins
  5 hobgoblins
  2 jackals (D:1)
  A quokka (D:2)
  3 bats
  2 frilled lizards (D:1)
  2 kobolds (D:1)
  5 rats (D:1)
34 creatures vanquished.

Table legend:
 A = Turns spent in this place as a percentage of turns spent in the entire game.
 B = Non-inter-level travel turns spent in this place as a percentage of non-inter-level travel turns spent in the entire game.
 C = Inter-level travel turns spent in this place as a percentage of turns spent in this place.
 D = Turns resting spent in this place as a percentage of non-inter-level travel turns spent in this place.
 E = Turns spent auto-exploring this place as a percentage of non-inter-level travel turns spent in this place.
 F = Non-inter-level travel turns spent in this place divided by the number of levels of this place that you've seen.
                   A       B       C       D       E      F
               +-------+-------+-------+-------+-------+----------------------
         Total | 100.0 | 100.0 |   4.6 |  50.1 |  29.1 | 626.0
       Dungeon | 100.0 | 100.0 |   4.6 |  50.1 |  29.1 | 626.0
               +-------+-------+-------+-------+-------+----------------------
